Map: Изумрудный город РВ

Players

ИИ 1 (новичок) - Winner!

  • Race: Terran Terran
  • Spawn Location: 5:00

ИИ 2 (ученик)

  • Race: Terran Terran
  • Spawn Location: 11:00

VOD

Have the link to the VOD?

Description

Time

  • Played on: May 15, 2019, 6:39 a.m.
  • Length: 6:48
Show
View Real Time Build Order
Export as new Build Order

ИИ 1 (новичок) Terran - Winner!

Build Orders: 2 Factory, Hellion Opening 

Get SALT Encoding   

  12  0:01  SCV  
  13  0:13  Refinery  
  13  0:16  SCV  
  14  0:26  Supply Depot  
  14  0:29  SCV  
  15  0:48  SCV  
  16  0:52  Barracks  
  16  1:00  SCV  
  17  1:04  Supply Depot  
  17  1:12  SCV  
  18  1:24  SCV  
  19  1:37  SCV  
  20  1:42  Barracks Reactor, Factory  
  20  1:49  Orbital Command  
  20  2:14  Factory  
  20  2:15  SCV, Supply Depot  
  21  2:17  Marine  
  21  2:19  Marine  
  23  2:27  SCV  
  24  2:30  Factory Reactor  
  24  2:31  Bunker  
  24  2:35  Marine  
  25  2:37  Marine  
  25  2:39  Refinery, SCV  
  27  2:51  SCV  
  27  2:57  Marine  
  27  2:58  Factory Reactor  
  29  2:59  Marine  
  30  3:07  Hellion  
  30  3:08  SCV, Supply Depot  
  30  3:09  Hellion  
  35  3:28  Hellion  
  35  3:30  Hellion, Marine  
  35  3:33  Marine  
  41  3:36  Hellion  
  41  3:38  Hellion  
  45  3:43  Supply Depot  
  45  3:46  SCV  
  46  3:49  Marine  
  47  4:05  Hellion, Marine, SCV  
  47  4:07  Supply Depot  
  47  4:08  Hellion  
  52  4:25  Command Center  
  50  4:59  Barracks  
  50  5:14  Supply Depot  
  46  5:26  Hellion  
  48  5:28  Marine  
  48  5:31  Marine  
  50  5:39  SCV  
  51  5:46  Marine  
  51  5:47  SCV  
  51  5:48  Barracks Tech Lab  
  51  5:49  Marine  
  54  5:57  SCV  
  55  5:59  Barracks  
  55  6:04  Marine, SCV  
  55  6:06  Marauder  
  55  6:07  Marine  
  60  6:11  SCV  
  61  6:18  SCV  
  61  6:22  Marine  
  61  6:25  Marine  
  64  6:26  SCV  
  64  6:27  Marine  
  64  6:28  Supply Depot  
  66  6:33  SCV  
  67  6:46  Barracks Tech Lab  
Show
View Real Time Build Order
Export as new Build Order

ИИ 2 (ученик) Terran 

Build Orders: 2 Factory, Hellion Opening 

Get SALT Encoding   

  12  0:00  SCV  
  13  0:13  SCV  
  14  0:18  Supply Depot  
  14  0:25  SCV  
  15  0:29  Refinery  
  15  0:40  SCV  
  16  0:51  Barracks  
  16  0:52  SCV  
  17  0:59  Refinery  
  18  1:04  SCV  
  18  1:10  Supply Depot  
  18  1:16  SCV  
  19  1:37  Marine  
  19  1:39  SCV, Factory  
  21  1:51  SCV  
  22  1:55  Marine  
  23  2:05  Factory  
  23  2:13  Barracks Tech Lab  
  23  2:15  Orbital Command  
  23  2:23  Hellion  
  25  2:36  Supply Depot  
  25  2:41  Engineering Bay  
  25  2:45  SCV  
  25  2:49  Factory Reactor  
  26  2:52  Factory Reactor  
  26  2:59  Marauder  
  26  3:02  SCV  
  29  3:11  Armory  
  29  3:20  Supply Depot  
  29  3:26  Hellion  
  31  3:29  Hellion  
  31  3:33  Hellion  
  35  3:38  Hellion  
  37  3:47  Hellion  
  37  3:48  SCV  
  40  3:57  Combat Shield  
  40  4:00  SCV  
  41  4:08  Barracks  
  41  4:19  SCV  
  41  4:21  Supply Depot  
  41  4:30  Marauder  
  43  4:31  SCV  
  44  4:43  SCV  
  33  4:48  Command Center  
  33  4:51  Marine  
  30  4:54  Marine  
  30  5:09  Marauder  
  30  5:13  Barracks Reactor  
  32  5:14  Hellion  
  32  5:16  Concussive Shells  
  32  5:20  Marine  
  30  5:22  SCV  
  29  5:30  Marine  
  29  5:34  SCV  
  21  5:46  SCV  
  21  5:49  Marauder  
  15  5:58  SCV  
  15  6:00  SCV  
  17  6:10  SCV  
  17  6:12  SCV  
  15  6:23  SCV  
  15  6:24  SCV  
  16  6:35  SCV  
Tags
 
Add a new tag
Caveats
  • Supply blocks, unpowered buildings, or Contaminate may cause inaccurate times.
  • Supply counts are checked every 10 seconds.